 Dungeon Sprint DCSS version 0.22-a0-135-g6f012ad (webtiles) character file.

433 sanboga the Cleaver (level 7, -14/50 HPs)
             Began as a Gargoyle Berserker on Feb 1, 2018.
             Was a Believer of Trog.
             Demolished by Sonja
             ... wielding a +2 short sword of distortion
              (16 damage)
             ... in the Dungeon (Sprint I: "Red Sonja").
             The game lasted 00:01:20 (588 turns).

sanboga the Cleaver (Gargoyle Berserker)             Turns: 588, Time: 00:01:20

Health: -14/50     AC: 15    Str: 22    XL:     7   Next: 0%
Magic:  7/7        EV:  9    Int:  8    God:    Trog [**....]
Gold:   297        SH:  0    Dex:  9    Spells: 6/6 levels left

rFire    . . .     SeeInvis .   a - +0 hand axe
rCold    . . .     Gourm    .   (no shield)
rNeg     + . .     Faith    .   b - +0 chain mail
rPois    ∞         Spirit   .   (no helmet)
rElec    +         Reflect  .   (no cloak)
rCorr    .         Harm     .   (no gloves)
MR       .....     NoTele   +   (no boots)
Stlth    ..........             (no amulet)
HPRegen  0.16/turn              (no ring)
MPRegen  0.10/turn              (no ring)

@: berserk cooldown, slowed, very slow
A: negative energy resistance 1, electricity resistance, unbreathing,
petrification resistance, rot immunity, AC +4
a: Berserk, Trog's Hand, Burn Spellbooks, Renounce Religion


You were in the Dungeon.
You worshipped Trog.
Trog was pleased with you.
You were very hungry.

You visited 1 branch You collected 297 gold pieces.

Inventory:

Hand Weapons
 a - a +0 hand axe (weapon)
Armour
 b - a +0 chain mail (worn)
 j - a +3 leather armour of poison resistance
Scrolls
 i - a scroll of blinking
Potions
 d - a potion of curing
 e - a potion of heal wounds
 f - a potion of haste
 g - 2 potions of magic
 h - a potion of berserk rage
Comestibles
 c - a ration


   Skills:
 + Level 8.6 Fighting
 * Level 9.4 Axes
 + Level 8.2 Armour
 - Level 2.8 Dodging


You had 6 spell levels left.
You didn't know any spells.

Dungeon Overview and Level Annotations

Branches:
Dungeon (1/1)

Altars:
Cheibriados
Dithmenos
Elyvilon
Fedhas
Gozag
Hepliaklqana
Kikubaaqudgha
Nemelex Xobeh
Okawaru
Qazlal
Ru
Sif Muna
Trog
Uskayaw
Vehumet
Wu Jian
Yredelemnul
Zin
The Shining One

Shops:
D :

Annotations:
D Sonja


Innate Abilities, Weirdness & Mutations

You are resistant to torment.
Your stone body is resilient. (AC +4)
You are immune to poison.
You resist negative energy. (rN+)
You are resistant to electric shocks. (rElec)
You can survive without breathing.
You are immune to petrification.
You are immune to rotting.


Message History

You close the door.
Sonja opens the door.
Sonja unwields an uncursed blowgun.
Sonja wields an uncursed short sword of distortion.
Its appearance distorts for a moment.
Sonja hits you with an uncursed short sword of distortion.
Space bends around you. Sonja hits you but does no damage. x2
Space bends around you.
Sonja plants her feet in a plie.
Sonja hits you but does no damage.
You feel a strange sense of stasis. Sonja hits you but does no damage.
Space bends around you.
* * * LOW HITPOINT WARNING * * *
Sonja hits you but does no damage. Space warps horribly around you!
* * * LOW HITPOINT WARNING * * *
There is an open door here.
You barely miss Sonja. Sonja barely misses you.
Sonja hits you but does no damage. Space bends around you.
* * * LOW HITPOINT WARNING * * *
Sonja barely misses you. Sonja hits you but does no damage.
Space warps horribly around you!
You die...

#<.#.[').#..'..#
#..').#..').#..+
#..#####'#####'#
#..####..#...#)#
#..#__####..##)#
#..#_____##'#_.+
#⌠⌠#_.∩...'..._#
####_..__##_(#'#
#_____###@#.#
####### #K###
$.$ #$.$# ##.##
#+#


You could see Sonja.

Vanquished Creatures
  Sigmund (D)
  A yak (D)
  An ogre (D)
  A jelly (D)
  Ijyb (D)
5 creatures vanquished.

Notes
Turn   | Place    | Note
-------+----------+-------------------------------------------
     0 | D        | sanboga the Gargoyle Berserker began the quest for the Orb.
     0 | D        | Reached XP level 1. HP: 14/14 MP: 1/1
     2 | D        | Noticed Ijyb
    26 | D        | Killed Ijyb
    26 | D        | Reached skill level 3 in Axes
    26 | D        | Reached XP level 2. HP: 4/20 MP: 2/2
    26 | D        | Reached XP level 3. HP: 5/24 MP: 3/3
   259 | D        | Noticed an ogre
   270 | D        | Killed an ogre
   270 | D        | Reached skill level 5 in Axes
   270 | D        | Reached skill level 5 in Armour
   270 | D        | Reached XP level 4. HP: 13/32 MP: 4/4
   483 | D        | Noticed Sigmund
   498 | D        | Killed Sigmund
   498 | D        | Reached ** piety under Trog
   498 | D        | Reached skill level 8 in Axes
   498 | D        | Reached XP level 5. HP: 32/38 MP: 5/5
   498 | D        | Reached XP level 6. HP: 37/44 MP: 6/6
   513 | D        | Found an ornate altar of the Wu Jian Council.
   513 | D        | Found a deep blue altar of Sif Muna.
   515 | D        | Found a radiant altar of Vehumet.
   563 | D        | Found Nowoikhli's Book Emporium.
   563 | D        | Found an ancient bone altar of Kikubaaqudgha.
   563 | D        | Found a hazy altar of Hepliaklqana.
   563 | D        | Found a stormy altar of Qazlal.
   563 | D        | Found a hide-covered altar of Uskayaw.
   563 | D        | Found a blossoming altar of Fedhas.
   563 | D        | Found a bloodstained altar of Trog.
   563 | D        | Found an iron altar of Okawaru.
   563 | D        | Found a basalt altar of Yredelemnul.
   563 | D        | Found a glowing golden altar of the Shining One.
   563 | D        | Found a snail-covered altar of Cheibriados.
   563 | D        | Found a sacrificial altar of Ru.
   563 | D        | Found a glowing silver altar of Zin.
   563 | D        | Found a shadowy altar of Dithmenos.
   563 | D        | Found a white marble altar of Elyvilon.
   563 | D        | Noticed a yak
   572 | D        | Killed a yak
   572 | D        | Reached skill level 9 in Axes
   572 | D        | Reached XP level 7. HP: 33/50 MP: 7/7
   573 | D        | Found an opulent altar of Gozag.
   574 | D        | Found a sparkling altar of Nemelex Xobeh.
   585 | D        | Noticed Sonja
   588 | D        | HP: 2/50 [Sonja/uncursed short sword of distortion (3)]
   588 | D        | Demolished by Sonja

Vault maps used:
D:        dungeon_sprint_1

Skill      XL: |  1  2  3  4  5  6 |
---------------+-------------------+-----
Fighting       | 4 6 7 8 |  8.6
Axes           | 3 5 8 9 |  9.4
Armour         | 3 5 7 8 |  8.2
Dodging        | 2 |  2.8

Action                   |  1- 3 |  4- 6 |  7- 9 || total
-------------------------+-------+-------+-------++-------
Melee: Hand axe          |    31 |    25 |     1 ||    57
Invok: Berserk           |     2 |     1 |       ||     3
Armor: Animal skin       |     7 |       |       ||     7
       Leather armour    |       |     2 |       ||     2
       Chain mail        |       |     2 |     7 ||     9
Dodge: Dodged            |    15 |     7 |     2 ||    24

Table legend:
 A = Spawn XP
 B = Non-spawn XP
 C = Spawn XP percentage of total XP
 D = Spawn monster count
 E = Non-spawn monster count
 F = Spawn count percentage of total count
 G = Total turns spent on level
                    A         B        C        D         E        F      G
               +---------+---------+-------+---------+---------+-------+---------
         Total |       0 |     619 |   0.0 |       0 |       5 |   0.0 |   588
               +---------+---------+-------+---------+---------+-------+---------
             D |       0 |     619 |   0.0 |       0 |       5 |   0.0 |   588
               +---------+---------+-------+---------+---------+-------+---------
